 Dungeon Sprint DCSS version 0.27.1-1-g398f81649c (webtiles) character file.

Game seed: 6223380977116331390

456 styxcanada the Unseen (level 6, -7/34 HPs)
             Began as a Spriggan Brigand on Sept 5, 2021.
             Was an Initiate of Gozag.
             Mangled by a gnoll sergeant (10 damage)
             ... in the Dungeon (Sprint VII: "The Pits").
             The game lasted 00:05:26 (676 turns).

styxcanada the Unseen (Spriggan Brigand)             Turns: 676, Time: 00:05:27

Health: -7/34      AC:  3    Str:  7    XL:     6   Next: 77%
Magic:  7/7        EV: 21    Int: 13    God:    Gozag
Gold:   612        SH:  0    Dex: 18    Spells: 5/5 levels left

rFire    . . .     SeeInvis +   a - +2 dagger
rCold    . . .     Faith    .   (shield restricted)
rNeg     . . .     Spirit   .   b - +0 robe
rPois    .         Reflect  .   (helmet restricted)
rElec    .         Harm     .   c - +0 cloak
rCorr    .         Rampage  .   (gloves unavailable)
Will     +....     NoTele   +   (boots unavailable)
Stlth    +++++++...             (no amulet)
HPRegen  0.11/turn              (no ring)
MPRegen  0.10/turn              (no ring)

@: gold aura, on berserk cooldown, slowed, quick
A: very small, no large weapons, unfitting armour, see invisible, speed 3
a: Renounce Religion, Potion Petition, Call Merchant, Bribe Branch


You were in the Dungeon.
You worshipped Gozag.
Gozag was pleased with you.
You visited 1 branch You collected 612 gold pieces.

Inventory:

Hand Weapons
 a - a +2 dagger (weapon)
 p - a +0 dagger of draining
 q - a +2 long sword of holy wrath
 r - a +2 mace of protection
Missiles
 d - 3 poisoned darts (quivered)
 e - 2 curare-tipped darts
 m - 10 stones
Armour
 b - a +0 robe (worn)
 c - a +0 cloak (worn)
Scrolls
 k - a scroll of blinking
 n - 5 scrolls of amnesia
 o - a scroll of summoning
Potions
 f - 6 potions of curing
 g - 5 potions of heal wounds
 h - a potion of haste
 i - 4 potions of magic
 j - a potion of berserk rage
 l - 2 potions of invisibility


   Skills:
 * Level 4.4 Fighting
 + Level 5.7 Short Blades
 + Level 4.4 Throwing
 * Level 6.9 Dodging
 * Level 16.6 Stealth


You had 5 spell levels left.
You didn't know any spells.
Your spell library was empty.

Dungeon Overview and Level Annotations

Branches:
Dungeon (1/1)

Altars:
Ashenzari
Cheibriados
Dithmenos
Elyvilon
Fedhas
Gozag
Hepliaklqana
Kikubaaqudgha
Makhleb
Nemelex Xobeh
Okawaru
Qazlal
Ru
Sif Muna
Trog
Uskayaw
Vehumet
Wu Jian
Xom
Yredelemnul
Zin
The Shining One
Beogh
Jiyva
Lugonu


Innate Abilities, Weirdness & Mutations

You are very small and have problems with some larger weapons.
You are too small for most types of armour.
You have supernaturally acute eyesight. (SInv)
You cover ground extremely quickly. (Speed+++)


Message History

You barely miss the flying skull.
The flying skull is almost destroyed.
The flying skull misses you.
You hit the flying skull but do no damage.
The flying skull is almost destroyed.
You puncture the flying skull!
You destroy the flying skull!
Your Fighting skill increases to level 4!
Your Short Blades skill increases to level 5!
Your Throwing skill increases to level 4!
Your Dodging skill increases to level 6!
Your Stealth skill increases to level 16!
The orc barely misses you.
Things that are here:
108 gold pieces; a +0 flail; a +0 leather armour You closely miss the orc.
The gnoll sergeant hits you from afar with a +0 spear.
You hit the orc.
The orc is lightly wounded.
The orc misses you.
You hit the orc.
The orc is almost dead.
The gnoll sergeant barely misses you.
You barely miss the orc.
The orc is almost dead.
The orc completely misses you.
You barely miss the orc.
The orc is almost dead.
You are no longer berserk.
You are exhausted.
You feel yourself slow down.
A gnoll comes into view. It is wielding a +0 spear.
The gnoll sergeant hits you from afar with a +0 spear!
* * * LOW HITPOINT WARNING * * *
You closely miss the orc.
The orc is almost dead.
The orc barely misses you.
The gnoll sergeant hits you from afar with a +0 spear!
You die...
Your body crumbles into a pile of gold.

##########'##.....
#.?..')))'.##.....
##########.##.....
#.....).....'.....
#$#####'#####.....
#.#..#...'.##.....
#(#..#)..#.#####'#
#$#..#####.##.....
#@#..'..)#.##.....
#o#..'...'.##.....
#g#..########...<.
#$#..'[)...##.....
#.#..#[).).##.....
#(###########.....
#g..gr..# ######
#..#.#..# #.## #


You could see a gnoll sergeant, a gnoll (wandering) and an orc.

Vanquished Creatures
  A flying skull (D)
  A floating eye (D)
  A black bear (D)
  An orc priest (D)
  An orc wizard (D)
  2 gnolls (D)
  A river rat (D)
  An ufetubus (D)
  3 orcs (D)
  2 quokkas (D)
  A bat (D)
  A frilled lizard (D)
  A quokka zombie (D)
  A rat (D)
18 creatures vanquished.

Notes
Turn   | Place    | Note
-------+----------+-------------------------------------------
     0 | D        | styxcanada the Spriggan Brigand began the quest for the
                  | Orb.
     0 | D        | Reached XP level 1. HP: 10/10 MP: 2/2
    13 | D        | Reached skill level 6 in Stealth
    15 | D        | Found a bloodstained altar of Trog.
    15 | D        | Found a shimmering blue altar of Sif Muna.
    15 | D        | Found a viscous altar of Jiyva.
    15 | D        | Found a hazy altar of Hepliaklqana.
    15 | D        | Found an opulent altar of Gozag.
    16 | D        | Found a glowing golden altar of the Shining One.
    16 | D        | Found a glowing silver altar of Zin.
    16 | D        | Found a basalt altar of Yredelemnul.
    16 | D        | Found a shimmering altar of Xom.
    16 | D        | Found an ornate altar of the Wu Jian Council.
    16 | D        | Found a sacrificial altar of Ru.
    16 | D        | Found a stormy altar of Qazlal.
    16 | D        | Found an iron altar of Okawaru.
    16 | D        | Found a sparkling altar of Nemelex Xobeh.
    16 | D        | Found a burning altar of Makhleb.
    16 | D        | Found a blossoming altar of Fedhas.
    16 | D        | Found a white marble altar of Elyvilon.
    16 | D        | Found a shadowy altar of Dithmenos.
    16 | D        | Found a snail-covered altar of Cheibriados.
    17 | D        | Found a radiant altar of Vehumet.
    17 | D        | Found a corrupted altar of Lugonu.
    18 | D        | Found an ancient bone altar of Kikubaaqudgha.
    18 | D        | Found a hide-covered altar of Uskayaw.
    18 | D        | Found a broken altar of Ashenzari.
    20 | D        | Became a worshipper of Gozag Ym Sagoz the Greedy
    56 | D        | Reached skill level 7 in Stealth
    84 | D        | Reached skill level 8 in Stealth
   147 | D        | Noticed a floating eye
   156 | D        | Killed a floating eye
   157 | D        | Reached skill level 12 in Stealth
   157 | D        | Reached XP level 2. HP: 11/16 MP: 3/3
   157 | D        | Reached XP level 3. HP: 13/19 MP: 4/4
   157 | D        | Reached XP level 4. HP: 16/23 MP: 5/5
   483 | D        | Reached skill level 13 in Stealth
   545 | D        | Noticed a black bear
   582 | D        | Reached XP level 5. HP: 25/28 MP: 6/6
   599 | D        | Killed a black bear
   600 | D        | Reached skill level 5 in Dodging
   600 | D        | Reached skill level 15 in Stealth
   637 | D        | Reached XP level 6. HP: 30/33 MP: 7/7
   640 | D        | Noticed a flying skull
   669 | D        | Killed a flying skull
   670 | D        | Reached skill level 5 in Short Blades
   670 | D        | Reached skill level 16 in Stealth
   676 | D        | Mangled by a gnoll sergeant

Illustrated notes

Levels and vault maps discovered:
D:        pitsprint [storerooms_1, entrance_room_1, metal_vault_2, armoury_1,
          mini_pit_1, grid_room_1, main_hall_1, silver_pit, the_coven_1,
          the_vestibule_1, steel_vault_1, golden_pit, hallway_of_sentries,
          crystal_vault_5, iron_vault_1, final_vault]

Skill      XL: |  1  2  3  4  5  6 |
---------------+-------------------+-----
Stealth        | 12 13 15 16 | 16.6
Dodging        | 4 5 6 |  6.9
Fighting       | 2 3 4 |  4.4
Short Blades   | 3 4 5 |  5.7
Throwing       | 3 4 |  4.4

Action                   |  1- 3 |  4- 6 || total
-------------------------+-------+-------++-------
Melee: Dagger            |    20 |    59 ||    79
Throw: Dart              |       |    14 ||    14
  Use: Potion            |       |     3 ||     3
 Stab: Sleeping          |     4 |     1 ||     5
       Distracted        |       |     1 ||     1
Armor: Robe              |     2 |     4 ||     6
Dodge: Dodged            |    11 |    29 ||    40
